 Dungeon Crawl Stone Soup version 0.20-a0-263-g81abdfb (webtiles) character file.

6193 Ladykiller69 the Carver (level 10, -3/81 HPs)
             Began as a Minotaur Abyssal Knight on Dec 4, 2016.
             Was a High Priest of Lugonu.
             Slain by a minotaur
             ... wielding a +3 iron rod (1/13)
              (17 damage)
             ... in a labyrinth.
             The game lasted 00:41:58 (7752 turns).

Ladykiller69 the Carver (Minotaur Abyssal Knight)   Turns: 7752, Time: 00:42:00

Health: -3/81      AC: 12    Str: 19    XL:     10   Next: 60%
Magic:  14/14      EV: 14    Int:  9    God:    Lugonu [*****.]
Gold:   541        SH:  0    Dex: 13    Spells: 9/9 levels left

rFire  + . .     SeeInvis +     x - +7 long sword of the Doomed Warrior {slice, Str+2}
rCold  + . .     Gourm    .     s - +3 scale mail {rF+}
rNeg   . . .     Faith    .     (no shield)
rPois  .         Spirit   .     (helmet restricted)
rElec  .         Reflect  .     (no cloak)
rCorr  .         Harm     .     (no gloves)
MR     .....                    f - +0 pair of boots
Stlth  ..........               (no amulet)
                                J - ring of see invisible
                                C - ring of protection from cold

@: no status effects
A: retaliatory headbutt, horns 2
a: Depart the Abyss, Bend Space, Banish, Corrupt, Enter the Abyss, Renounce
Religion


You were in a labyrinth.
You worshipped Lugonu.
Lugonu was extremely pleased with you.
You were very hungry.

You visited 2 branches of the dungeon, and saw 12 of its levels.
You visited the Abyss 1 time.
You also visited: Labyrinth.

You collected 541 gold pieces.

Inventory:

Hand Weapons
 a - a +1 scimitar of electrocution
 d - a -2 great sword
 n - a +2 dagger of electrocution
 x - the +7 long sword of the Doomed Warrior (weapon) {slice, Str+2}
   (You found it on level 4 of the Dungeon)

   It inflicts extra damage upon your enemies.
   It affects your strength (+2).
Missiles
 e - 245 stones
 F - 8 tomahawks (quivered)
 M - 4 throwing nets
Armour
 b - a +0 leather armour
 f - a +0 pair of boots (worn)
 g - a +0 plate armour
 s - a +3 scale mail of fire resistance (worn)
Jewellery
 C - a ring of protection from cold (left hand)
 J - a ring of see invisible (right hand)
 L - an uncursed amulet of harm
 P - an uncursed ring of resist corrosion {unknown}
Wands
 v - a wand of confusion (13/48)
 E - a wand of slowing (19/48)
 H - a wand of lightning (0/15)
 I - a wand of enslavement (10/24)
Scrolls
 k - 5 scrolls of identify
 p - 2 scrolls of enchant armour
 t - 3 scrolls of fog
 w - 2 scrolls of remove curse
 y - a scroll of magic mapping
Potions
 h - 2 potions of agility
 i - a potion of heal wounds
 j - 2 potions of magic
 l - a potion of cancellation
 r - 2 potions of brilliance
 u - 2 potions of lignification
Books
 G - a book of Changes

   Spells                             Type                      Level
   a - Beastly Appendage              Transmutation                1
   b - Sticks to Snakes               Transmutation                2
   c - Spider Form                    Transmutation/Poison         3
   d - Ice Form                       Ice/Transmutation            4
   e - Blade Hands                    Transmutation                5
Miscellaneous
 O - a fan of gales (inert)
Comestibles
 c - 5 bread rations
 m - 2 royal jellies
 o - 2 meat rations
 q - 4 beef jerkies


   Skills:
 - Level 5.0 Fighting
 * Level 11.8 Long Blades
 + Level 9.0 Armour
 + Level 7.8 Dodging
 + Level 7.5 Invocations


You had 9 spell levels left.
You didn't know any spells.

Dungeon Overview and Level Annotations

Branches:
Dungeon (11/15)            Temple (0/1) D:6            Lair (1/6) D:8
    Orc: D:9-12

Altars:
Hepliaklqana
Nemelex Xobeh
Okawaru
Ru

Annotations:
D:6 Two eel staircases
D:7 exclusions: 2 electric eels and 11 more exclusions
D:10 exclusions: 2 electric eels and 4 more exclusions
Lair:1 exclusion: oklob plant


Innate Abilities, Weirdness & Mutations

You reflexively headbutt those who attack you in melee.
You have a pair of horns on your head.


Message History

The minotaur completely misses you.
You riposte.
You barely miss the minotaur.
The minotaur is heavily wounded.
The minotaur gores you!
You hit the minotaur but do no damage. Your headbutt misses the minotaur.
The minotaur is heavily wounded.
The minotaur completely misses you. The minotaur gores you!
The minotaur closely misses you.
You riposte.
You hit the minotaur. Your headbutt misses the minotaur.
The minotaur is heavily wounded.
The minotaur gores you but does no damage.
You hit the minotaur.
The minotaur is severely wounded.
The minotaur hits you with an iron rod!!
* * * LOW HITPOINT WARNING * * *
The minotaur closely misses you.
You feel much better. The minotaur hits you with an iron rod!
* * * LOW HITPOINT WARNING * * *
The minotaur gores you but does no damage.
The minotaur hits you with an iron rod!
You die...

# .#.# . # .#
# ..# .. #
#### .. # .# .
......... # .
#. ## ####
###..# . . . #
. #.# .# ##
### ..###.#.#
#.. ... .#
#.@.# . . ##.
.#### .#.#H# #
..!.#.....#.
.# # .#.#####
#.#<#.## #
...# #.
.....#.#. ##
.#.###.###.#.#
. . #.....
.#.#.#
.#######.#.#.#
. . # # #


You could see a minotaur.

Vanquished Creatures
  Harold (D:10)
  A centaur zombie (D:10)
  A hippogriff (Lair:1)
  Sigmund (D:2)
  4 basilisks (Lab)
  A steam dragon (D:9)
  2 hell hounds (D:8)
  Duvessa (D:5)
  2 orc warriors
  5 ice beasts
  2 phantoms
  2 sky beasts
  3 ogres
  5 centaurs
  A big kobold (D:8)
  3 bullfrogs
  A wyvern skeleton (D:8)
  Dowan (D:5)
  4 scorpions
  4 howler monkeys
  9 crimson imps
  A bullfrog zombie (D:11)
  3 hounds
  A jelly (D:8)
  A centaur skeleton (D:6)
  A gnoll shaman (D:7)
  3 orc priests
  6 orc wizards
  2 bullfrog skeletons
  Terence (D:3)
  2 iguanas
  6 worker ants
  A hound skeleton (D:7)
  Robin (D:2)
  7 gnolls
  12 adders
  2 shadow imps
  2 oozes
  5 worms
  13 dart slugs
  3 leopard geckos
  30 orcs
  3 ball pythons
  6 bats
  7 giant cockroaches
  7 hobgoblins
  11 jackals
  13 kobolds
  5 quokkas
  4 frilled lizards
  20 goblins
  A quokka skeleton (D:4)
  4 rats
238 creatures vanquished.

Vanquished Creatures (others)
  A gnoll (D:7)
  An adder (D:9)
  An orc (D:8)
3 creatures vanquished.

Grand Total: 241 creatures vanquished

Notes
Turn   | Place    | Note
-------+----------+-------------------------------------------
     0 | Abyss:1  | Ladykiller69 the Minotaur Abyssal Knight began the quest for the Orb.
     0 | Abyss:1  | Reached XP level 1. HP: 19/19 MP: 1/1
     6 | D:1      | Escaped the Abyss
   117 | D:1      | Reached XP level 2. HP: 24/27 MP: 2/2
   650 | D:1      | Reached skill level 3 in Long Blades
   694 | D:2      | Reached XP level 3. HP: 33/33 MP: 3/3
   751 | D:2      | Reached ** piety under Lugonu
   829 | D:2      | Noticed Sigmund
   848 | D:2      | Killed Sigmund
   848 | D:2      | Reached skill level 4 in Long Blades
   848 | D:2      | Reached XP level 4. HP: 30/41 MP: 3/5
   848 | D:2      | Reached XP level 5. HP: 34/47 MP: 3/6
   933 | D:2      | Noticed Robin
   987 | D:2      | Killed Robin
  1287 | D:3      | Noticed Terence
  1328 | D:3      | Killed Terence
  1385 | D:3      | Reached XP level 6. HP: 17/53 MP: 7/7
  2106 | D:4      | Got a warped long sword
  2107 | D:4      | Identified the +7 long sword of the Doomed Warrior {slice, Str+2} (You found it on level 4 of the Dungeon)
  2220 | D:4      | Reached *** piety under Lugonu
  2224 | D:4      | Reached skill level 5 in Fighting
  2371 | D:4      | Reached skill level 5 in Long Blades
  2480 | D:4      | Reached XP level 7. HP: 61/61 MP: 8/8
  2515 | D:5      | Entered Level 5 of the Dungeon
  2515 | D:5      | Noticed Duvessa
  2515 | D:5      | Noticed Dowan
  2621 | D:5      | Killed Duvessa
  2621 | D:5      | Reached skill level 6 in Long Blades
  2621 | D:5      | Reached skill level 5 in Armour
  2869 | D:5      | Reached XP level 8. HP: 68/68 MP: 10/10
  2955 | D:5      | Reached skill level 7 in Long Blades
  3041 | D:5      | Killed Dowan
  3078 | D:5      | Reached **** piety under Lugonu
  3130 | D:6      | Found a staircase to the Ecumenical Temple.
  3367 | D:6      | Reached skill level 8 in Long Blades
  3367 | D:6      | Reached skill level 5 in Dodging
  3371 | D:6      | Reached skill level 5 in Invocations
  3756 | D:7      | Found a hazy altar of Hepliaklqana.
  3936 | D:7      | Reached XP level 9. HP: 16/74 MP: 11/11
  4243 | D:7      | Reached skill level 9 in Long Blades
  4362 | D:7      | Found an iron altar of Okawaru.
  4469 | D:7      | You fall through a shaft!
  4480 | D:8      | Reached ***** piety under Lugonu
  4902 | D:8      | Found a sparkling altar of Nemelex Xobeh.
  5247 | D:8      | Found a sacrificial altar of Ru.
  5363 | D:8      | Reached skill level 10 in Long Blades
  5520 | D:8      | Found a staircase to the Lair.
  5676 | D:9      | Found a hazy altar of Hepliaklqana.
  5868 | D:9      | Reached XP level 10. HP: 43/81 MP: 12/14
  6203 | D:10     | Entered Level 10 of the Dungeon
  6325 | D:10     | Noticed Harold
  6339 | D:10     | Killed Harold
  6339 | D:10     | Reached skill level 11 in Long Blades
  7035 | D:11     | Noticed a hill giant
  7183 | Lair:1   | Entered Level 1 of the Lair of Beasts
  7183 | Lair:1   | Noticed an oklob plant
  7282 | Lair:1   | Found a labyrinth entrance.
  7294 | Lab      | Entered a labyrinth
  7741 | Lab      | Noticed a minotaur
  7751 | Lab      | HP: 3/81 [minotaur/iron rod (25)]
  7752 | Lab      | Slain by a minotaur

Vault maps used:
D:1:      lightli_iron_boxes, minmay_misc_feat_more_columns
D:2:      serial_glass, glass_columns_b, glass_columns_a, glass_columns_b,
          glass_columns_b, uniq_robin, uniq_sigmund
D:3:      first_bread, uniq_terence
D:5:      uniq_duvessa
D:7:      kennysheep_slugbush, lemuel_crystal_altar, basic_altar
D:8:      nicolae_ru_sacrificial_ziggurat, old_standard_altar,
          minmay_lair_entry_lava
D:9:      kennysheep_mini_moat, the_bakery, hangedman_abyss_or_decor_passed
D:10:     serial_bayou_ford_a, kennysheep_generic_room_5, uniq_harold
D:11:     roderic_lattice_a, minivault_16
Lair:1:   beast_lair_carwin_large_1, lab_entry_generic, dpeg_stationary_puzzle
Lab:      labyrinth_mini_lab, nicolae_lab_do_over, nicolae_lab_checkerboard,
          nicolae_lab_grate_2, nicolae_lab_arrow, nicolae_lab_hexagon,
          labyrinth_skeletal_remains

Skill      XL: |  1  2  3  4  5  6  7  8  9 10 |
---------------+-------------------------------+-----
Invocations    | 2 3 4 5 6 7 |  7.5
Long Blades    | 3 4 5 6 8 10 11 | 11.8
Fighting       | 4 5 |  5.0
Armour         | 3 4 5 6 8 9 |  9.0
Dodging        | 2 3 4 5 6 7 |  7.8

Action                   |  1- 3 |  4- 6 |  7- 9 | 10-12 || total
-------------------------+-------+-------+-------+-------++-------
Melee: Falchion          |    68 |   151 |       |       ||   219
       Headbutt          |    13 |    30 |    37 |    22 ||   102
       Long sword        |       |    46 |   261 |    85 ||   392
       Great sword       |       |       |       |     4 ||     4
Throw: Stone             |       |       |     1 |       ||     1
       Tomahawk          |       |       |     2 |       ||     2
Evoke: Wand              |       |       |       |     3 ||     3
       Fan of gales      |       |       |       |     1 ||     1
  Use: Scroll            |       |       |     4 |    14 ||    18
       Potion            |       |       |       |     2 ||     2
  Eat: Chunk             |       |     5 |    11 |     5 ||    21
Armor: Plate armour      |    38 |    62 |       |       ||   100
       Scale mail        |       |    46 |   105 |    44 ||   195
Dodge: Dodged            |    15 |    53 |   119 |    50 ||   237
       Rpst.: Falchion   |     9 |    11 |       |       ||    20
       Long sword        |       |     6 |    24 |     6 ||    36
       Great sword       |       |       |       |     1 ||     1
